 Dungeon Crawl Stone Soup version 0.28-a0-895-g6e5f11bd55 (webtiles) character file.

Game seed: 8905357039757468029

56 frimble the Grasshopper (level 3, -7/35 HPs)
             Began as a Troll Warper on Nov 23, 2021.
             Killed by an exploding kobold (42 damage)
             ... ignited by their inner flame
             ... on level 2 of the Dungeon.
             The game lasted 00:00:54 (1055 turns).

frimble the Grasshopper (Troll Warper)              Turns: 1055, Time: 00:00:55

Health: -7/35      AC:  4    Str: 19    XL:     3   Next: 69%
Magic:  4/4        EV: 10    Int: 10    God:
Gold:   35         SH:  0    Dex:  9    Spells: 2/4 levels left

rFire   . . .      SeeInvis .   a - +0 short sword (spect)
rCold   . . .      Faith    .   (no shield)
rNeg    . . .      Spirit   .   b - +0 robe
rPois   .          Reflect  .   (helmet restricted)
rElec   .          Harm     .   (no cloak)
rCorr   .          Rampage  .   (gloves unavailable)
Will    .....                   (boots unavailable)
Stlth   +.........              (no amulet)
HPRegen 1.11/turn               (no ring)
MPRegen 0.09/turn               (no ring)

@: no status effects
A: large, unfitting armour, claws 3, regeneration 1, shaggy fur 1, tough skin 1
a: no special abilities


You were on level 2 of the Dungeon.
You visited 1 branch of the dungeon, and saw 2 of its levels.

You collected 35 gold pieces.

Inventory:

Hand Weapons
 a - a +0 spectral short sword (weapon)
Missiles
 d - 5 boomerangs of dispersal (quivered)
Armour
 b - a +0 robe (worn)
Scrolls
 c - a scroll of blinking
 f - 4 scrolls of identify
 h - 2 scrolls of amnesia
Potions
 e - a potion of haste {unknown}
 g - a potion of lignification {unknown}


   Skills:
 + Level 2.0 Fighting
 + Level 2.0 Short Blades
 + Level 1.6 Throwing
 - Level 2.1 Dodging
 - Level 1.4 Spellcasting
 + Level 2.4 Translocations


You had 2 spell levels left.
You knew the following spells:

 Your Spells              Type           Power      Damage    Failure   Level
a - Blink                 Tloc           10%        N/A       19%         2

Your spell library contained the following spells:

 Spells                   Type           Power      Damage    Failure   Level
 Gell's Gravitas          Tloc           5%         N/A       36%         3
 Lesser Beckoning         Tloc           5%         N/A       36%         3
 Teleport Other           Tloc           5%         N/A       36%         3
 Manifold Assault         Tloc           5%         N/A       98%         5


Dungeon Overview and Level Annotations

Branches:
Dungeon (2/15)

Altars:


Innate Abilities, Weirdness & Mutations

You are too large for most types of armour.
You have claws for hands.
Your natural rate of healing is unusually fast.
You are covered in fur. (AC +1)
You have tough skin. (AC +1)


Message History

No target in view!
You feel sick.
You feel sick.
You feel sick.
You are no longer poisoned.
A kobold comes into view. It is wielding a +0 dagger.
A kobold is nearby!
A kobold is nearby!
A kobold is nearby!
Your hearing returns.
The kobold hits you but does no damage.
You hit the kobold.
The kobold is moderately wounded.
Your +0 spectral short sword hits the kobold!
You kill the kobold!
No target in view!
No target in view!
No target in view!
No target in view!
No target in view!
No target in view!
No target in view!
No target in view!
f - 4 scrolls of identify (gained 3)
Things that are here:
a +0 dagger; a kobold corpse You now have 35 gold pieces (gained 12).
A kobold comes into view. It is wielding a +0 short sword.
A kobold is nearby!
A kobold is nearby!
As you read the scroll labelled RUATTO MOISAPS, it crumbles to dust.
The creatures around you are filled with an inner flame!
It was a scroll of immolation.
The kobold shouts!
You barely miss the kobold.
Your +0 spectral short sword hits the kobold!
The kobold explodes!
You feel a bit more experienced. The fiery explosion engulfs you!!!
Ouch! That really hurt!
You die...

****,****
*,,,,,*#.#.
*,,..,,,*
*******#.#.
*,*#.**,*
#########...
*,*#.**,*
#..,...####.
#,*#.**,*
#.####.####.
#.##.**,*
#.##........
*,.ยงยง,,,*
#.##.#.#####
***#)###*
#.##.#.#
#(@.####......#
##
###.........###
#. ###########
#. #< #. #. #.
#. ##


You could see a friendly +0 spectral short sword (summoned, wandering).

Vanquished Creatures
  Terence (D:2)
  2 adders (D:2)
  A worm (D:2)
  3 dart slugs
  4 ball pythons (D:1)
  4 bats (D:1)
  3 endoplasms
  2 jackals (D:1)
  A frilled lizard (D:1)
  A goblin (D:2)
  7 kobolds
  2 rats
31 creatures vanquished.

Notes
Turn   | Place    | Note
-------+----------+-------------------------------------------
     0 | D:1      | frimble the Troll Warper began the quest for the Orb.
     0 | D:1      | Reached XP level 1. HP: 19/19 MP: 1/1
    67 | D:1      | Reached skill level 1 in Throwing
    67 | D:1      | Found a faded altar of an unknown god.
   146 | D:1      | Reached XP level 2. HP: 28/28 MP: 3/3
   687 | D:1      | Learned a level 2 spell: Blink
   730 | D:2      | Reached XP level 3. HP: 34/35 MP: 4/4
  1055 | D:2      | Killed Terence
  1055 | D:2      | Killed by an exploding kobold... ignited by their inner
                  | flame

Illustrated notes

Levels and vault maps discovered:
D:1:      heliophobic_arrival_enchanted_forest, layout_basic,
          shapermc_ecumenical_altar_starsandcircs, dk_noncrumbling_3,
          item_on_display_a
D:2:      layout_loops_cross, minmay_misc_feat_roman, uniq_terence

Skill      XL: |  1  2  3 |
---------------+----------+-----
Throwing       | 1 |  1.6
Dodging        | 2 |  2.1
Short Blades   | 2 |  2.0
Fighting       | 2 |  2.0
Spellcasting   | |  1.4
Translocations | |  2.4

Action                   || total
-------------------------++-------
Melee: Short sword       ||    78
  Use: Scroll            ||     6
Armor: Robe              ||    31
Dodge: Dodged            ||    33

Table legend: (Time is in decaauts)
 A = Elapsed time spent in this place.
 B = Non-inter-level travel time spent in this place.
 C = Inter-level travel time spent in this place.
 D = Time resting spent in this place.
 E = Time spent auto-exploring this place.
 F = Levels seen in this place.
 G = Mean time per level.
                   A        B        C        D        E       F      G
               +--------+--------+--------+--------+--------+-----+--------+
         Total |   1060 |   1032 |     28 |      0 |    826 |   2 |  530.0 |
       Dungeon |   1060 |   1032 |     28 |      0 |    826 |   2 |  530.0 |
               +--------+--------+--------+--------+--------+-----+--------+

Top non-repeatable levels by time:
     D:1: 720 daAuts
     D:2: 339 daAuts
